 Dungeon Crawl Stone Soup version 0.27-a0-926-g0e6d912 (webtiles) character file.

Game seed: 4243459740201894206

57 Nithhogg the Skirmisher (level 3, 0/29 HPs)
             Began as a Demonspawn Fighter on Apr 9, 2021.
             Slain by Jessica
             ... wielding a +0 dagger
              (5 damage)
             ... on level 3 of the Dungeon.
             The game lasted 00:02:56 (2004 turns).

Nithhogg the Skirmisher (Demonspawn Fighter)        Turns: 2004, Time: 00:02:57

Health: 0/29       AC:  6    Str: 17    XL:     3   Next: 73%
Magic:  3/3        EV:  9    Int:  9    God:
Gold:   95         SH:  9    Dex: 12    Spells: 2/2 levels left

rFire    . . .     SeeInvis .   f - +1 spear (vorpal)
rCold    . . .     Faith    .   c - +0 kite shield
rNeg     . . .     Spirit   .   b - +0 scale mail
rPois    .         Reflect  .   (no helmet)
rElec    .         Harm     .   (no cloak)
rCorr    .         Rampage  .   (no gloves)
Will     .....                  (no boots)
Stlth    ..........             (no amulet)
HPRegen  0.09/turn              j - ring of flight
MPRegen  0.08/turn              (no ring)

@: flying
A: hooves 1, repulsion field 1
a: no special abilities


You were on level 3 of the Dungeon.
You visited 1 branch of the dungeon, and saw 3 of its levels.

You collected 95 gold pieces.

Inventory:

Hand Weapons
 a - a +0 long sword
 f - a +1 vorpal spear (weapon)
Missiles
 h - a throwing net (quivered)
Armour
 b - a +0 scale mail (worn)
 c - a +0 kite shield (worn)
Jewellery
 j - a ring of flight (left hand)
Scrolls
 e - 2 scrolls of identify
 i - a scroll of vulnerability
 k - a scroll of teleportation {unknown}
 m - 2 scrolls of magic mapping {unknown}
 o - a scroll of fog {unknown}
 p - a scroll of enchant armour {unknown}
Potions
 d - a potion of might
 g - a potion of haste {unknown}
 l - 2 potions of mutation {unknown}
 n - a potion of curing {unknown}


   Skills:
 + Level 3.5 Fighting
 + Level 2.4 Long Blades
 + Level 3.1 Armour
 + Level 3.1 Shields


You had 2 spell levels left.
You didn't know any spells.
Your spell library was empty.

Dungeon Overview and Level Annotations

Branches:
Dungeon (3/15)

Altars:
Xom

Annotations:
D:3 Jessica


Innate Abilities, Weirdness & Mutations

You have large cloven feet.
You are surrounded by a mild repulsion field. (EV +2)


Message History

The killer bee zombie hits you but does no damage.
Jessica the Apprentice Sorceress comes into view.
She is wielding a +0 dagger.
Jessica shouts!
You hit the killer bee zombie. Your kick misses the killer bee zombie.
The killer bee zombie is moderately damaged.
The killer bee zombie barely misses you.
The killer bee zombie hits you but does no damage.
You block the killer bee zombie's attack.
You barely miss the killer bee zombie. You kick the killer bee zombie.
The killer bee zombie is moderately damaged.
The killer bee zombie barely misses you.
The killer bee zombie hits you.
Jessica gestures wildly while chanting.
Jessica seems to speed up.
You closely miss the killer bee zombie.
The killer bee zombie is moderately damaged.
You block the killer bee zombie's attack.
Jessica casts a spell.
Jessica blinks!
You block the killer bee zombie's attack.
Jessica casts a spell.
Jessica blinks!
The killer bee zombie hits you but does no damage.
You barely miss the killer bee zombie.
The killer bee zombie is moderately damaged.
You block the killer bee zombie's attack. x2
You hit the killer bee zombie. You kick the killer bee zombie.
The killer bee zombie is almost destroyed.
You block the killer bee zombie's attack.
The killer bee zombie hits you.
* * * LOW HITPOINT WARNING * * *
You block Jessica's attack.
You hit Jessica. Your kick misses Jessica.
Jessica is moderately wounded.
The killer bee zombie closely misses you.
Jessica hits you with a +0 dagger.
* * * LOW HITPOINT WARNING * * *
The killer bee zombie barely misses you.
Jessica hits you with a +0 dagger.
You die...

..........# ...
#... ..... ..$$
..........+.._.
... ....#....
.......#.$..
#.###.#.#.#####
#.....Z@.......
#.#@.......
#...)#####>
#..#.<#
#...........#
....##########
.####


You could see Jessica (fast) and a killer bee zombie.

Vanquished Creatures
  A gnoll (D:1)
  A worm (D:2)
  2 dart slugs (D:1)
  An orc (D:3)
  3 endoplasms
  3 giant cockroaches
  4 goblins
  2 hobgoblins (D:1)
  2 jackals (D:1)
  5 ball pythons
  4 bats (D:1)
  4 frilled lizards
  4 kobolds
  A rat (D:1)
37 creatures vanquished.

Notes
Turn   | Place    | Note
-------+----------+-------------------------------------------
     0 | D:1      | Nithhogg the Demonspawn Fighter began the quest for the
                  | Orb.
     0 | D:1      | Reached XP level 1. HP: 18/18 MP: 1/1
   201 | D:1      | Found a faded altar of an unknown god.
   296 | D:1      | Gained mutation: You have large cloven feet. [demonic
                  | ancestry]
   296 | D:1      | Reached XP level 2. HP: 24/24 MP: 2/2
   610 | D:1      | Gained mutation: You are surrounded by a mild repulsion
                  | field. (EV +2) [demonic ancestry]
   610 | D:1      | Reached XP level 3. HP: 3/29 MP: 3/3
  1987 | D:3      | Found a shimmering altar of Xom.
  1998 | D:3      | Noticed Jessica
  2004 | D:3      | Slain by Jessica

Illustrated notes

Levels and vault maps discovered:
D:1:      scummos_arrival_checkerplants, layout_rooms,
          ebering_ecumenical_altar_hall, serial_corexii_hall,
          chequers_hall_statues_wall_a, corexii_hall_statues_l,
          chequers_hall_statues_wall_a
D:2:      layout_loops_cross
D:3:      layout_rooms, amcnicky_altar_gilded, overflow_temple_1_default,
          gup_sewer_entry_bowl, chequers_garden, uniq_jessica, uniq_natasha,
          uniq_sigmund, uniq_crazy_yiuf_cottage

Skill      XL: |  1  2 |
---------------+-------+-----
Long Blades    | 2 |  2.4
Armour         | 3 |  3.1
Shields        | 3 |  3.1
Fighting       | |  3.5

Action                   || total
-------------------------++-------
Melee: Long sword        ||    17
       Spear             ||    93
       Kick              ||    25
  Use: Scroll            ||     1
Armor: Scale mail        ||    40
Dodge: Dodged            ||    28
Block: Kite shield       ||    42
       Rpst.: Long sword ||     1

Table legend: (Time is in decaauts)
 A = Elapsed time spent in this place.
 B = Non-inter-level travel time spent in this place.
 C = Inter-level travel time spent in this place.
 D = Time resting spent in this place.
 E = Time spent auto-exploring this place.
 F = Levels seen in this place.
 G = Mean time per level.
                   A        B        C        D        E       F      G
               +--------+--------+--------+--------+--------+-----+--------+
         Total |   2044 |   2006 |     38 |      0 |   1753 |   3 |  681.3 |
       Dungeon |   2044 |   2006 |     38 |      0 |   1753 |   3 |  681.3 |
               +--------+--------+--------+--------+--------+-----+--------+

Top non-repeatable levels by time:
     D:1: 1203 daAuts
     D:2: 818 daAuts
     D:3: 21 daAuts
